 Dungeon Crawl Stone Soup version 0.17.1-3-g152610e (webtiles) character file.

1230 kaze the Ducker (level 8, -1/79 HPs)
             Began as a Troll Berserker on Mar 7, 2016.
             Was a Priest of Trog.
             Slain by a centaur
             ... wielding a cursed +0 shortbow
              (7 damage)
             ... on level 6 of the Dungeon.
             The game lasted 00:09:34 (3537 turns).

kaze the Ducker (Troll Berserker)                   Turns: 3537, Time: 00:09:34

Health: -1/79      AC:  5    Str: 28    XL:     8   Next: 24%
Magic:  7/7        EV: 13    Int:  3    God:    Trog [***...]
Gold:   215        SH:  0    Dex: 15    Spells: 0 memorised, 7 levels left

rFire  . . .     SeeInvis .     s - +1 flail (drain)
rCold  . . .     Clarity  .     a - +0 animal skin
rNeg   + . .     SustAt   .     (no shield)
rPois  .         Gourm    +     (helmet restricted)
rElec  .         Spirit   .     (no cloak)
rCorr  .         Warding  .     (gloves unavailable)
rMut   .         Stasis   .     (boots unavailable)
MR     .....                    (no amulet)
Stlth  +.........               v - ring of positive energy
                                g - +6 ring of dexterity

@: not resistant to hostile enchantments, very unstealthy
A: unfitting armour, claws 3, fast metabolism 3, gourmand, regeneration 2,
shaggy fur 1, tough skin 2
a: Berserk, Trog's Hand, Burn Spellbooks, Renounce Religion


You were on level 6 of the Dungeon.
You worshipped Trog.
Trog was most pleased with you.
You were very full.

You visited 1 branch of the dungeon, and saw 6 of its levels.

You collected 215 gold pieces.

Inventory:

Hand Weapons
 s - a +1 flail of draining (weapon)
Missiles
 t - 2 tomahawks (quivered)
 w - 2 throwing nets
Armour
 a - a +0 animal skin (worn)
Jewellery
 e - an uncursed ring of stealth
 g - a +6 ring of dexterity (left claw)
 p - an uncursed amulet of resist mutation
 v - a ring of positive energy (right claw)
Scrolls
 f - 3 scrolls of remove curse
 j - 4 scrolls of enchant weapon {unknown}
 k - a scroll of blinking {unknown}
 l - 2 scrolls of immolation {unknown}
 n - a scroll of enchant armour {unknown}
 u - a scroll of noise {unknown}
 y - 2 scrolls of teleportation {unknown}
 A - a scroll of random uselessness {unknown}
 B - a scroll of identify
Potions
 h - 5 potions of curing {unknown}
 i - 2 potions of degeneration {unknown}
 o - a potion of lignification {unknown}
 x - a potion of flight {unknown}
Comestibles
 b - 4 bread rations
 c - 2 beef jerkies
 d - 2 fruits
 m - 4 meat rations
 r - 2 slices of pizza
 z - a royal jelly


   Skills:
 + Level 4.5 Fighting
 + Level 3.3 Maces & Flails
 + Level 1.4 Throwing
 + Level 5.7 Dodging
 - Level 0.5 Stealth
 + Level 4.9 Unarmed Combat


You had 7 spell levels left.
You didn't know any spells.

Dungeon Overview and Level Annotations

Branches:
Dungeon (6/15)             Temple (0/1) D:5

Altars:
Elyvilon
Sif Muna
Vehumet


Innate Abilities, Weirdness & Mutations

You are too large for most types of armour.
You have claws for hands.
Your metabolism is lightning-fast.
You like to eat raw meat.
You heal very quickly.
You are covered in fur (AC +1).
You have very tough skin (AC +2).


Message History

The centaur hits you.
* * * LOW HITPOINT WARNING * * *
The centaur hits you.
* * * LOW HITPOINT WARNING * * *
You sock the centaur!
You kill the centaur!
Trog accepts your kill.
The centaur shoots an arrow.
The arrow hits you!
* * * LOW HITPOINT WARNING * * *
The centaur shoots an arrow.
The arrow hits you.
* * * LOW HITPOINT WARNING * * *
You are too injured to fight recklessly!
You are too injured to fight recklessly!
You are too injured to fight recklessly!
The centaur hits you with a shortbow.
* * * LOW HITPOINT WARNING * * *
Things that are here:
an uncursed shortbow; 11 arrows You barely miss the centaur.
The centaur hits you with a shortbow!
You die...

#####
#########.[.#######
#.........<...†....
###.#########.#######
#..c@()......(#
#.#(########### #.#.#
#.#.# #.#(# #.#(#
#)#.# #.#(# #.#(#


You could see a centaur.

Vanquished Creatures
  An orc warrior (D:4)
  A sky beast (D:5)
  An ice beast (D:6)
  2 phantoms
  An ogre (D:5)
  3 centaurs
  Blork the orc (D:5)
  Ijyb (D:2)
  A giant frog skeleton (D:4)
  Jessica (D:2)
  Terence (D:2)
  2 worker ants
  A hound zombie (D:5)
  2 hound skeletons
  3 gnolls (D:3)
  10 adders
  An adder skeleton (D:4)
  5 giant geckos
  10 orcs
  8 bats
  4 giant cockroaches
  7 hobgoblins
  18 jackals
  A ball python (D:2)
  A giant gecko zombie (D:5)
  A giant newt (D:4)
  4 goblins
  7 kobolds
  2 quokkas
  A quokka zombie (D:5)
  4 rats
106 creatures vanquished.

Notes
Turn   | Place    | Note
--------------------------------------------------------------
     0 | D:1      | kaze the Troll Berserker began the quest for the Orb.
     0 | D:1      | Reached XP level 1. HP: 22/22 MP: 0/0
    90 | D:1      | Reached XP level 2. HP: 29/29 MP: 1/1
   431 | D:1      | You fall through a shaft!
   481 | D:2      | Reached XP level 3. HP: 36/36 MP: 2/2
   655 | D:2      | Noticed Ijyb
   665 | D:2      | Killed Ijyb
   665 | D:2      | Reached XP level 4. HP: 42/44 MP: 3/3
   707 | D:2      | Found a radiant altar of Vehumet.
   762 | D:2      | Reached ** piety under Trog
   773 | D:2      | Noticed Terence
   781 | D:2      | Killed Terence
   801 | D:2      | Reached skill level 4 in Unarmed Combat
   844 | D:2      | Noticed Jessica
   848 | D:2      | Killed Jessica
   848 | D:2      | Reached XP level 5. HP: 53/53 MP: 4/4
  1547 | D:3      | Reached *** piety under Trog
  1841 | D:3      | Found a white marble altar of Elyvilon.
  1841 | D:3      | Found a deep blue altar of Sif Muna.
  2107 | D:4      | Noticed an orc warrior
  2115 | D:4      | Killed an orc warrior
  2115 | D:4      | Reached XP level 6. HP: 61/61 MP: 5/5
  2288 | D:4      | Noticed a phantom
  2325 | D:4      | Killed a phantom
  2450 | D:4      | Reached skill level 1 in Maces & Flails
  2666 | D:4      | Reached skill level 1 in Throwing
  2666 | D:4      | Reached XP level 7. HP: 68/68 MP: 6/6
  2729 | D:5      | Entered Level 5 of the Dungeon
  2878 | D:5      | Reached skill level 5 in Dodging
  2973 | D:5      | Noticed Blork the orc
  2982 | D:5      | Killed Blork the orc
  3212 | D:5      | Found a staircase to the Ecumenical Temple.
  3498 | D:6      | Reached XP level 8. HP: 74/79 MP: 7/7
  3537 | D:6      | Slain by a centaur

Action                   |  1- 3 |  4- 6 |  7- 9 || total
-------------------------+-------+-------+-------++-------
Melee: Unarmed           |    79 |    98 |       ||   177
       Flail             |       |    82 |    68 ||   150
Throw: Tomahawk          |       |     5 |       ||     5
Invok: Berserk           |       |     1 |       ||     1
  Use: Scroll            |       |     4 |     1 ||     5
 Stab: Sleeping          |       |     1 |       ||     1
  Eat: Chunk             |    10 |    22 |     7 ||    39
